 Dungeon Crawl Stone Soup version 0.28-a0-1212-gc6b4282bc0 (webtiles) character file.

Game seed: 7352669334947399055

152 Fortus the Shield-Bearer (level 5, -4/27 HPs)
             Began as a Vine Stalker Fighter on Dec 21, 2021.
             Slain by an orc wizard (16 damage)
             ... on level 3 of the Dungeon.
             The game lasted 00:03:10 (2562 turns).

Fortus the Shield-Bearer (Vine Stalker Fighter)     Turns: 2562, Time: 00:03:11

Health: -4/27      AC: 11    Str: 21    XL:     5   Next: 34%
Magic:  0/6        EV:  7    Int:  8    God:
Gold:   102        SH:  0    Dex: 13    Spells: 4/4 levels left

rFire   . . .      SeeInvis .   a - +0 war axe
rCold   . . .      Faith    .   c - +0 buckler
rNeg    . . .      Spirit   +   f - +0 chain mail
rPois   .          Reflect  .   g - +0 helmet
rElec   .          Harm     .   n - +0 cloak
rCorr   .          Rampage  .   (no gloves)
Will    .....                   (no boots)
Stlth   ..........              (no amulet)
HPRegen 0.89/turn               (no ring)
MPRegen 0.10/turn               (no ring)

@: confused
A: fangs 2, regeneration 1, magic shield, antimagic bite, no potion heal 2
a: no special abilities


You were on level 3 of the Dungeon.
You visited 1 branch of the dungeon, and saw 3 of its levels.

You collected 102 gold pieces.

Inventory:

Hand Weapons
 a - a +0 war axe (weapon)
Armour
 b - a +0 scale mail
 c - a +0 buckler (worn)
 f - a +0 chain mail (worn)
 g - a +0 helmet (worn)
 n - a +0 cloak (worn)
Jewellery
 p - a ring of poison resistance
Wands
 o - a wand of flame (2)
Scrolls
 e - a scroll of fear {unknown}
 h - a scroll of immolation {unknown}
 i - 4 scrolls of identify {unknown}
 k - a scroll of fog {unknown}
Potions
 d - a potion of might
 j - a potion of haste {unknown}
 l - 2 potions of curing {unknown}
 m - 2 potions of magic {unknown}
 q - a potion of mutation {unknown}


   Skills:
 - Level 2.6 Fighting
 + Level 3.9 Axes
 - Level 2.4 Armour
 - Level 4.0 Shields


You had 4 spell levels left.
You didn't know any spells.
Your spell library contained the following spells:

 Spells                   Type           Power      Damage    Failure   Level
 Foxfire                  Conj/Fire      0%         2x1d4     99%         1
 Conjure Flame            Conj/Fire      0%         6-21      100%        3
 Inner Flame              Hex/Fire       0%         N/A       100%        3
 Flame Wave               Conj/Fire      0%         2d4       100%        4


Dungeon Overview and Level Annotations

Branches:
Dungeon (3/15)

Altars:
Sif Muna

Shops:
D:3 (


Innate Abilities, Weirdness & Mutations

You have extremely sharp teeth.
Your natural rate of healing is unusually fast.
When hurt, damage is shared between your health and your magic reserves.
Your bite disrupts and absorbs the magic of your enemies.
Potions cannot restore your health.


Message History

No target in view!
Magic restored.
Things that are here:
a +0 whip; a kobold corpse
p - a ring of poison resistance
Found a stone staircase leading down.
q - a brown potion
There is an open door here.
You see here a +0 flail.
You enter the shallow water.
Moving in this stuff is going to be slow.
Found a shimmering blue altar of Sif Muna.
The orc wizard shouts!
You enter the shallow water.
Moving in this stuff is going to be slow.
Something unseen opens the door.
An orc wizard is nearby!
The orc wizard hits you with a +2 dagger of electrocution.
You hit the orc wizard but do no damage.
You bite the orc wizard.
The orc wizard's magic leaks into the air.
You drain its magic.
You feel invigorated.
The orc wizard is moderately wounded.
The orc wizard hits you with a +2 dagger of electrocution.
You are electrocuted!!
Ouch! That really hurt!
* * * LOW HITPOINT WARNING * * *
You block the orc wizard's attack.
The orc wizard points at you and mumbles some strange words.
The puff of flame hits you.
* * * LOW HITPOINT WARNING * * *
The orc wizard's magic is no longer disrupted.
The orc wizard gestures at you while chanting.
You are confused.
You see here a +0 flail.
You bump into the rock wall.
The orc wizard hits you but does no damage.
You are electrocuted!
Ouch! That really hurt!
You die...

# ##...########.....####.# #.#.#
# ##.## ##......######.#.#
#####.### ##.#####≈###....#
#...)...# #.###≈≈≈≈≈##.###
#.#####.# #.##≈≈≈≈≈≈≈### #.# #.#
#+#≈≈≈....≈≈ #.# #.#
#####≈≈≈####.≈ #.# #.##
##.8.8.8##..## #### #.#####..#
##..@o...'..._# ≈#..#
#.....<..####...8.8.8##..##≈≈##.#
............'...###≈≈≈####.≈# #.#
###.##...####.....#≈≈≈....≈≈# #.#
#.###.## ##....##≈≈≈≈≈≈≈####.#
#..<..# ##....##≈≈≈≈≈##.....
#####.# ##...####≈####.##..
####.##### ##'## ### #.##..
#........# #.# #.#...


You could see an orc wizard.

Vanquished Creatures
  Crazy Yiuf (D:2)
  A hound (D:2)
  A hound skeleton (D:2)
  An adder (D:2)
  5 orcs (D:3)
  7 ball pythons
  4 bats (D:1)
  4 endoplasms
  2 giant cockroaches (D:2)
  8 goblins
  6 hobgoblins
  4 jackals
  7 kobolds
  4 quokkas
  A frilled lizard (D:3)
  4 rats
60 creatures vanquished.

Notes
Turn   | Place    | Note
-------+----------+-------------------------------------------
     0 | D:1      | Fortus the Vine Stalker Fighter began the quest for the
                  | Orb.
     0 | D:1      | Reached XP level 1. HP: 11/11 MP: 2/2
    77 | D:1      | Reached skill level 3 in Shields
    77 | D:1      | Reached XP level 2. HP: 16/16 MP: 3/3
   409 | D:1      | Reached XP level 3. HP: 19/19 MP: 4/4
   893 | D:2      | Gained mutation: Your natural rate of healing is unusually
                  | fast. [Vine Stalker growth]
   893 | D:2      | Reached XP level 4. HP: 12/23 MP: 3/5
  1043 | D:2      | Reached skill level 4 in Shields
  1212 | D:2      | Found a faded altar of an unknown god.
  1646 | D:2      | Found a runed translucent door.
  1647 | D:2      | Noticed Crazy Yiuf
  1654 | D:2      | Killed Crazy Yiuf
  1655 | D:2      | Reached XP level 5. HP: 10/27 MP: 3/6
  2187 | D:3      | Found Olimmecel's Antique Weapon Emporium.
  2546 | D:3      | Found a shimmering blue altar of Sif Muna.
  2562 | D:3      | Slain by an orc wizard

Illustrated notes

Levels and vault maps discovered:
D:1:      scummos_arrival_checkerplants, layout_loops_ring,
          minmay_tiny_reverse_x
D:2:      layout_basic, chequers_ecumenical_altar_simple_redux, st_stairs_9,
          supply_closet_lemuel, uniq_crazy_yiuf_cottage
D:3:      wander_river, layout_loops_corners, kennysheep_orc_sif_temple,
          serial_shops, nicolae_shop_hallway_plus

Skill      XL: |  1  2  3  4 |
---------------+-------------+-----
Axes           | 2 3 |  3.9
Shields        | 3 4 |  4.0
Fighting       | |  2.6
Armour         | |  2.4

Action                   |  1- 3 |  4- 6 || total
-------------------------+-------+-------++-------
Melee: War axe           |    62 |   100 ||   162
       Bite              |    11 |    31 ||    42
Armor: Scale mail        |    26 |       ||    26
       Chain mail        |     9 |    54 ||    63
Dodge: Dodged            |    29 |    29 ||    58
Block: Buckler           |    19 |    26 ||    45

Table legend: (Time is in decaauts)
 A = Elapsed time spent in this place.
 B = Non-inter-level travel time spent in this place.
 C = Inter-level travel time spent in this place.
 D = Time resting spent in this place.
 E = Time spent auto-exploring this place.
 F = Levels seen in this place.
 G = Mean time per level.
                   A        B        C        D        E       F      G
               +--------+--------+--------+--------+--------+-----+--------+
         Total |   2642 |   2531 |    111 |     27 |   2054 |   3 |  880.7 |
       Dungeon |   2642 |   2531 |    111 |     27 |   2054 |   3 |  880.7 |
               +--------+--------+--------+--------+--------+-----+--------+

Top non-repeatable levels by time:
     D:2: 903 daAuts
     D:1: 901 daAuts
     D:3: 837 daAuts
